 Dungeon Crawl Stone Soup version 0.22.1-6-g1668fe2c40 (webtiles) character file.

18 Riddle the Sneak (level 2, 0/13 HPs)
             Began as a Spriggan Venom Mage on Jan 17, 2019.
             Slain by a wight
             ... wielding a +3 flail
              (13 damage)
             ... on level 3 of the Dungeon.
             The game lasted 00:01:45 (1114 turns).

Riddle the Sneak (Spriggan Venom Mage)              Turns: 1114, Time: 00:01:45

Health: 0/13       AC:  2    Str:  4    XL:     2   Next: 48%
Magic:  7/7        EV: 18    Int: 16    God:
Gold:   41         SH:  0    Dex: 16    Spells: 4/7 levels left

rFire    . . .     SeeInvis +   d - +0 short sword
rCold    . . .     Gourm    .   (shield restricted)
rNeg     . . .     Faith    .   a - +0 robe
rPois    .         Spirit   .   (helmet restricted)
rElec    .         Reflect  .   (no cloak)
rCorr    .         Harm     .   (gloves unavailable)
MR       .....                  (boots unavailable)
Stlth    +++.......             (no amulet)
HPRegen  0.04/turn              (no ring)
MPRegen  0.10/turn              (no ring)

@: very quick
A: very small, unfitting armour, see invisible, herbivore, speed 3, slow
metabolism 2
a: no special abilities


You were on level 3 of the Dungeon.
You were not hungry.

You visited 1 branch of the dungeon, and saw 3 of its levels.

You collected 41 gold pieces.

Inventory:

Hand Weapons
 d - a +0 short sword (weapon)
Armour
 a - a +0 robe (worn)
Scrolls
 b - 2 scrolls of teleportation {unknown}
 e - a scroll of amnesia {unknown}
 f - 2 scrolls of enchant armour {unknown}
 g - 2 scrolls of identify {unknown}
Potions
 h - a potion of heal wounds {unknown}
 i - a potion of invisibility {unknown}
Comestibles
 c - a ration


   Skills:
 - Level 3.0 Dodging
 + Level 3.7 Stealth
 + Level 3.2 Spellcasting
 - Level 0.6 Conjurations
 + Level 3.3 Poison Magic


You had 4 spell levels left.
You knew the following spells:

 Your Spells              Type           Power        Failure   Level  Hunger
a - Sting                 Conj/Pois      #...         9%          1    None
b - Poisonous Vapours     Pois/Air       #.....       14%         2    ##.....

Your spell library contained the following spells:

 Spells                   Type           Power        Failure   Level  Hunger
 Mephitic Cloud           Conj/Pois/Air  #.......     32%         3    ###....
 Olgreb's Toxic Radiance  Pois           ##......     43%         4    ####...
 Venom Bolt               Conj/Pois      #.........   92%         5    ######.


Dungeon Overview and Level Annotations

Branches:
Dungeon (3/15)

Altars:


Innate Abilities, Weirdness & Mutations

You are very small and have problems with some larger weapons.
You are too small for most types of armour.
You have supernaturally acute eyesight. (SInv)
You are a herbivore.
You cover ground extremely quickly.
You need to consume almost no food.


Message History

The hobgoblin is engulfed in poison gas.
The hobgoblin is poisoned.
Casting: Poisonous Vapours (safe; 14% risk of failure)
Confirm with . or Enter, or press ? or * to list all spells.
Aiming: Poisonous Vapours (safe; 14% risk of failure)
Press: ? - help, Dir - move target cursor, f/p - hobgoblin
Aim: a hobgoblin (lightly wounded, poisoned) Poisonous vapours surround the hobgoblin!
The hobgoblin is engulfed in poison gas.
The hobgoblin looks even sicker.
The hobgoblin misses you.
A wight comes into view. It is wielding an enchanted flail.
You kill the hobgoblin!
You climb upwards.
There is a stone staircase leading down here.
You start resting.
Magic restored.
You climb downwards.
The wight closely misses you.
The wight hits you with an enchanted flail!
Ouch! That really hurt!
You die...

..........[...
.! ...#......
.....#......
.#..#......
.........#
#.w......#
#Szz.....#
#.@......#
#.z....$.#
#........#
...#######
#.### .. ...
.(..


You could see a worm, 3 wights and an adder.

Vanquished Creatures
  A worm (D:2)
  A goblin (D:1)
  4 hobgoblins
  2 kobolds
  2 quokkas (D:2)
  2 bats (D:2)
  A frilled lizard (D:2)
  A rat (D:2)
14 creatures vanquished.

Notes
Turn   | Place    | Note
-------+----------+-------------------------------------------
     0 | D:1      | Riddle the Spriggan Venom Mage began the quest for the Orb.
     0 | D:1      | Reached XP level 1. HP: 9/9 MP: 5/5
   463 | D:2      | Reached XP level 2. HP: 10/13 MP: 0/7
   531 | D:2      | Learned a level 2 spell: Poisonous Vapours
  1073 | D:3      | Noticed a wight
  1074 | D:3      | Noticed a wight
  1075 | D:3      | Noticed a wight
  1114 | D:3      | Slain by a wight

Skill      XL: |  1 |
---------------+----+-----
Spellcasting   | 3 |  3.2
Dodging        | |  3.0
Stealth        | |  3.7
Conjurations   | |  0.6
Poison Magic   | |  3.3

Action                   || total
-------------------------++-------
Melee: Short sword       ||     4
 Cast: Sting             ||    28
       Poisonous Vapours ||    10
Armor: Robe              ||     1
Dodge: Dodged            ||    12
